 Dungeon Crawl Stone Soup version 0.17-a0-2220-g6fea741 (webtiles) character file.

175321 xeno23 the Unseen (level 16, -22/102 HPs)
             Began as a Felid Transmuter on Oct 27, 2015.
             Was the Champion of Okawaru.
             Killed from afar by a golden dragon (57 damage)
             ... with a bolt of cold
             ... on level 2 of the Vaults on Oct 28, 2015.
             The game lasted 06:23:30 (35938 turns).

xeno23 the Unseen (Felid Transmuter)               Turns: 35938, Time: 06:23:33

Health: -22/102    AC: 27    Str:  8    XL:     16   Next: 91%
Magic:  23/29      EV: 39    Int: 14    God:    Okawaru [******]
Gold:   3275       SH:  0    Dex: 25    Spells: 9 memorised, 1 level left
                                        Lives:  0   Deaths: 5

rFire  . . .     SeeInvis +       - Unarmed
rCold  . . .     Clarity  .     (armour unavailable)
rNeg   + . .     SustAt   .     (shield unavailable)
rPois  ∞         Gourm    .     (helmet unavailable)
rElec  +         Spirit   .     (cloak unavailable)
rCorr  .         Warding  .     (gloves unavailable)
rMut   .         Stasis   .     (boots unavailable)
MR     ++...                    i - amulet of regeneration
Stlth  ++++++++..               L - +6 ring of protection
                                g - +3 ring of dexterity

@: statue-form, heroism, finesse, repel missiles, very slow, very resistant to
hostile enchantments, extraordinarily stealthy
A: no armour, no weapons or thrown items, claws 1, fangs 3, see invisible,
carnivore 3, (speed 0), (shaggy fur 0), slow metabolism 1, sharp paws
a: End Transformation, Heroism, Finesse, Renounce Religion
}: 2/15 runes: decaying, gossamer


You were on level 2 of the Vaults.
You worshipped Okawaru.
Okawaru was exalted by your worship.
You were very full.
You were a stone statue.
You visited 7 branches of the dungeon, and saw 38 of its levels.
You also visited: Labyrinth.

You collected 3698 gold pieces.
You spent 423 gold pieces at shops.

Inventory:

Missiles
 a - 816 arrows
Jewellery
 d - the ring of Conversion {rElec AC-2 Dex+4}
   (You took it off a minotaur in a labyrinth)

   [ring of protection]

   It affects your AC (-2).
   It affects your dexterity (+4).
   It insulates you from electricity.
 g - a +3 ring of dexterity (left paw)
 i - an amulet of regeneration (around neck)
 m - an uncursed ring of protection from fire
 B - an uncursed ring of invisibility
 E - an uncursed ring of stealth {unknown}
 L - a +6 ring of protection (right paw)
Wands
 o - a wand of fireball (13)
 q - a wand of cold (5)
 r - a wand of polymorph (15)
 w - a wand of teleportation (7)
 N - a wand of lightning (8)
 P - a wand of digging (5)
 W - a wand of heal wounds (3)
Scrolls
 u - 6 scrolls of identify
 x - 3 scrolls of silence
 y - 9 scrolls of immolation
 C - 6 scrolls of fear
 D - 6 scrolls of recharging
 F - 5 scrolls of teleportation
 H - 6 scrolls of magic mapping
 J - 8 scrolls of remove curse
 R - 2 scrolls of holy word
 S - 5 scrolls of fog
Potions
 b - a potion of brilliance
 e - 3 potions of agility
 f - 7 potions of cancellation
 j - 9 potions of might
 l - 3 potions of curing
 n - 4 potions of magic
 p - 4 potions of flight
 v - 3 potions of berserk rage
 z - a potion of resistance
 A - 5 potions of invisibility
 G - 5 potions of haste
Comestibles
 c - 29 meat rations
 h - 6 slices of pizza
 k - 8 chunks of flesh
 s - 10 beef jerkies
 t - 3 royal jellies


   Skills:
 * Level 13.8(18.8) Fighting
 + Level 15.1(20.1) Dodging
 + Level 16.2(21.2) Stealth
 * Level 16.2(21.2) Unarmed Combat
 - Level 8.0 Spellcasting
 - Level 6.0 Charms
 - Level 4.0 Necromancy
 - Level 14.1 Transmutations
 - Level 6.7 Ice Magic
 - Level 12.9 Earth Magic
   Level 2.0 Poison Magic
 - Level 8.1 Invocations
 - Level 4.5 Evocations


You had one spell level left.
You knew the following spells:

 Your Spells              Type           Power        Failure   Level  Hunger
a - Beastly Appendage     Trmt           #####.       1%          1    None
c - Condensation Shield   Ice            ###.......   10%         4    ####...
e - Regeneration          Chrm/Necr      ###.......   6%          3    ##.....
f - Ice Form              Ice/Trmt       ####....     1%          4    ####...
q - Blade Hands           Trmt           #####.....   1%          5    #####..
r - Repel Missiles        Chrm/Air       ##....       6%          2    None
s - Sticks to Snakes      Trmt           #####.....   1%          2    None
w - Statue Form           Trmt/Erth      #####....    10%         6    #######
x - Ozocubu's Armour      Chrm/Ice       ###.....     3%          3    ##.....


Dungeon Overview and Level Annotations

Branches:
Dungeon (15/15)            Temple (1/1) D:5            Lair (8/8) D:11
  Swamp (4/4) Lair:6       Spider (4/4) Lair:4        Slime (0/6) Lair:6
    Orc (4/4) D:11            Elf (0/3) Orc:4        Vaults (2/5) D:13
 Depths (0/5) D:15
  Crypt: Vaults:2-3

Altars:
Ashenzari
Cheibriados
Dithmenos
Elyvilon
Fedhas
Gozag
Kikubaaqudgha
Makhleb
Nemelex Xobeh
Okawaru
Qazlal
Ru
Sif Muna
Trog
Vehumet
Xom
Yredelemnul
Zin
The Shining One
Beogh

Shops:
D:6 [   D:8 ?   D:14 :   Orc:4 *[(*


Innate Abilities, Weirdness & Mutations

You cannot wear armour.
You are incapable of wielding weapons or throwing items.
You have sharp claws.
You have razor-sharp teeth.
You have supernaturally acute eyesight.
You are carnivorous and can eat meat at any time.
((You cover ground quickly.))
((Your thick and shaggy fur keeps you warm (AC +3, rC+).))
You have a slow metabolism.
Your sharp claws are effective at attacking unaware monsters.


Message History

The golden dragon claws you but does no damage.
The golden dragon completely misses you.
You eviscerate the deep elf high priest!!!
You kill the deep elf high priest!
Okawaru accepts your kill.
You claw the golden dragon!
The golden dragon is lightly wounded.
The golden dragon completely misses you.
The golden dragon claws you! The golden dragon closely misses you.
You take 11 damage.
You claw the golden dragon!
You claw the golden dragon, but do no damage.
The golden dragon is lightly wounded.
You mangle the golden dragon!!
You claw the golden dragon, but do no damage.
The golden dragon is heavily wounded.
The golden dragon breathes cold at you. The bolt of cold hits you!
Ouch! That really hurt!
You die...

.......#.....................)...
.......#.................(.......
.......#.........................
.......#.........................
.......#..................=......
.......#..######################.
.......#..############### #.
######'#..##/%...#......# #.
..........##....8)......' #.
#####.....##..)..D......' #.
#.....##.....#......# #.
#.....##..)..######## #.
#.....##.....# #.
....#.....###+####......+#######.
....#.....##...# ........#..(##.
....#.....##...# ........#...##.
>...# #...#..........#)))##)


You could see a golden dragon.

Vanquished Creatures
  the Lernaean hydra (Swamp:4)
  Saint Roka (Orc:3)
  Nikola (Swamp:2)
  Arachne (Spider:3)
  A lich (Vaults:2)
  Jorgrun (Spider:3)
  A tentacled monstrosity (Swamp:1)
  Rupert (Orc:3)
  A quicksilver dragon (Vaults:2)
  A storm dragon (Vaults:2)
  Kirke (Spider:3)
  2 thorn hunters
  Wiglaf (Vaults:2)
  Donald (Orc:3)
  A frost giant (Vaults:2)
  5 vault wardens (Vaults:2)
  Aizul (Spider:4)
  Louise (Spider:4)
  8 emperor scorpions
  4 ghost moths
  4 ironheart preservers
  A stone giant (Vaults:2)
  A war gargoyle (Vaults:2)
  A green draconian (Vaults:2)
  Nessos (Orc:4)
  Azrael (Orc:4)
  3 ettins
  Josephine (D:12)
  A deep elf high priest (Vaults:2)
  8 vault guards
  4 entropy weavers
  3 yaktaur captains (Vaults:2)
  A minotaur (Lab)
  5 catoblepae
  7 centaur warriors
  22 hydras
  Erica (D:9)
  Erolcha (Orc:2)
  3 ogre magi
  24 death yaks
  14 alligators
  A ghost crab (Swamp:2)
  A tengu warrior (D:13)
  A queen ant (D:9)
  A deep troll earth mage (Vaults:1)
  Urug (Lair:1)
  5 orc high priests
  13 spriggans
  Sonja (Lair:4)
  A hell knight (Vaults:2)
  2 shadow wraiths
  An unseen horror (D:13)
  A fire crab (Vaults:1)
  A fire crab (shapeshifter) (Vaults:1)
  4 wizards
  2 skeletal warriors (D:14)
  4 spriggan druids
  13 swamp dragons
  A flayed ghost (D:10)
  2 deep trolls (Vaults:1)
  2 giant orange brains (Vaults:2)
  10 orc knights
  Pikel (D:4)
  7 ironbrand convokers
  2 cyclopes
  3 necromancers
  12 orb spiders
  A salamander (shapeshifter) (Vaults:1)
  6 orc sorcerers
  26 wolf spiders
  26 ugly things
  3 harpies (Vaults:1)
  6 griffons
  A manticore (D:11)
  A guardian serpent (D:14)
  3 black mambas (Lair:8)
  4 moths of wrath
  9 hornets
  A black mamba (shapeshifter) (Vaults:1)
  2 naga magi (D:15)
  8 elephants
  2 torpor snails
  A vault sentinel (Vaults:2)
  A guardian serpent (shapeshifter) (Vaults:1)
  18 spiny frogs
  4 demonic crawlers
  2 fire drakes
  7 komodo dragons
  5 yaktaurs
  A kobold demonologist (Vaults:2)
  A harpy zombie (D:14)
  2 guardian mummies (D:14)
  A freezing wraith (Vaults:2)
  21 jumping spiders
  2 deep elf priests (Vaults:2)
  A polar bear (shapeshifter) (Vaults:1)
  A polar bear (Lair:4)
  24 slime creatures
  6 giant leeches
  A merfolk (D:9)
  5 bog bodies
  A wolf spider simulacrum (D:15)
  10 trolls
  3 two-headed ogres
  3 blink frogs (Lair:7)
  2 boulder beetles
  22 tarantellas
  A centaur simulacrum (D:15)
  21 trapdoor spiders
  A redback (shapeshifter) (Vaults:2)
  Sigmund (D:2)
  A wyvern (D:11)
  31 redbacks
  6 wraiths
  3 fire elementals
  18 humans (D:13)
  Eustachio (D:6)
  2 deep elf magi
  48 yaks
  39 vampire mosquitoes
  2 basilisks
  4 shadows
  15 hippogriffs
  The ghost of Kolbur the Chiller, an amateur MfIE of Makhleb (D:5)
  2 fire bats (Lair:8)
  20 soldier ants (D:9)
  3 deep elf fighters (Vaults:2)
  6 hell hounds (Orc:4)
  12 insubstantial wisps
  16 swamp worms
  9 wolves
  15 porcupines
  2 wargs
  15 swamp drakes
  12 water moccasins
  15 spiders
  11 wasps
  A phantom (D:5)
  33 orc warriors
  4 sky beasts
  5 ice beasts
  26 ogres
  7 boggarts
  25 centaurs
  13 crocodiles
  3 necrophages
  2 big kobolds
  Blork the orc (D:4)
  11 giant frogs
  8 scorpions
  24 killer bees
  31 wights
  10 electric eels
  6 crimson imps
  4 hounds
  13 centaur zombies
  28 orc priests
  2 quasits
  Ijyb (D:2)
  6 jellies
  3 centaur skeletons
  A gnoll shaman (D:6)
  Terence (D:2)
  7 iguanas
  54 orc wizards
  26 worker ants
  6 sheep
  3 hound skeletons
  A mummy (D:14)
  14 gnolls
  11 adders
  65 river rats
  3 shadow imps
  3 oozes
  3 adder zombies
  An adder skeleton (D:6)
  A worm (D:3)
  4 giant geckos
  199 orcs
  2 ball pythons
  4 giant cockroaches
  12 goblins
  7 hobgoblins
  12 jackals
  20 kobolds
  10 quokkas
  11 bats
  A giant cockroach zombie (D:5)
  6 giant newts
  A quokka skeleton (D:4)
  5 rats
  A briar patch (Swamp:2)
  2 fungi
  A plant (Lair:4)
1577 creatures vanquished.

Vanquished Creatures (collateral kills)
  A worm (D:2)
  2 orcs (D:3)
  A jackal (D:3)
  A giant newt (D:2)
5 creatures vanquished.

Vanquished Creatures (others)
  A jumping spider (Spider:4)
  2 humans (Spider:3)
  An orc wizard (D:4)
  A sheep (Lair:8)
  A giant cockroach (D:4)
  11 briar patches
  5 fungi
  5 plants
27 creatures vanquished.

Grand Total: 1609 creatures vanquished

Notes
Turn   | Place    | Note
--------------------------------------------------------------
     0 | D:1      | xeno23 the Felid Transmuter began the quest for the Orb.
     0 | D:1      | Reached XP level 1. HP: 9/9 MP: 4/4
   160 | D:1      | Reached XP level 2. HP: 12/12 MP: 6/6
   164 | D:1      | Learned a level 2 spell: Sticks to Snakes
   623 | D:1      | Reached skill level 1 in Stealth
   681 | D:2      | Noticed Terence
   814 | D:3      | Reached XP level 3. HP: 12/15 MP: 3/7
   960 | D:2      | Learned a level 3 spell: Spider Form
  1056 | D:2      | Noticed Ijyb
  1063 | D:2      | Killed Ijyb
  1063 | D:2      | Reached skill level 1 in Poison Magic
  1063 | D:2      | Reached XP level 4. HP: 17/19 MP: 5/8
  1125 | D:2      | Killed Terence
  1139 | D:2      | Noticed Sigmund
  1723 | D:3      | Reached XP level 5. HP: 22/22 MP: 1/9
  1762 | D:3      | Found a shimmering altar of Xom.
  2047 | D:2      | Killed Sigmund
  2047 | D:2      | Reached skill level 4 in Unarmed Combat
  2047 | D:2      | Gained mutation: You are covered in thick fur (AC +2). [Felid growth]
  2047 | D:2      | Reached XP level 6. HP: 21/25 MP: 3/10
  2152 | D:4      | Noticed Pikel
  2183 | D:4      | Killed Pikel
  2183 | D:4      | Reached skill level 5 in Unarmed Combat
  2183 | D:4      | Reached skill level 5 in Transmutations
  2183 | D:4      | Reached XP level 7. HP: 24/30 MP: 6/11
  2225 | D:4      | Noticed Blork the orc
  2264 | D:4      | Killed Blork the orc
  2548 | D:4      | Reached skill level 5 in Dodging
  2550 | D:4      | Reached XP level 8. HP: 34/34 MP: 6/12
  2672 | D:5      | Entered Level 5 of the Dungeon
  2690 | D:5      | Found a staircase to the Ecumenical Temple.
  2705 | D:5      | Reached skill level 6 in Transmutations
  2721 | Temple   | Entered the Ecumenical Temple
  2873 | Temple   | Became a worshipper of Warmaster Okawaru
  3060 | D:5      | Reached skill level 5 in Stealth
  3151 | D:5      | Found a glowing silver altar of Zin.
  3152 | D:5      | Found an opulent altar of Gozag.
  3259 | D:5      | Noticed Kolbur's ghost (amateur MfIE)
  3374 | D:6      | Learned a level 4 spell: Ice Form
  3395 | D:6      | Reached skill level 7 in Transmutations
  3395 | D:6      | Reached skill level 1 in Ice Magic
  3431 | D:6      | Reached * piety under Okawaru
  3607 | D:6      | Noticed Eustachio
  3615 | D:6      | Killed Eustachio
  3615 | D:6      | Reached XP level 9. HP: 38/38 MP: 10/13
  3692 | D:6      | Found a shadowy altar of Dithmenos.
  3692 | D:6      | Found a radiant altar of Vehumet.
  3843 | D:6      | Reached skill level 8 in Transmutations
  3913 | D:6      | Reached skill level 1 in Invocations
  4229 | D:6      | Found Magug's Armour Shop.
  4452 | D:5      | Killed Kolbur's ghost
  4787 | D:5      | Found a sacrificial altar of Ru.
  4934 | D:7      | Found a shattered altar of Ashenzari.
  4943 | D:7      | Reached ** piety under Okawaru
  5026 | D:7      | Reached skill level 9 in Transmutations
  5249 | D:7      | Reached XP level 10. HP: 43/43 MP: 14/14
  5678 | D:7      | Reached *** piety under Okawaru
  5845 | D:7      | Found a bloodstained altar of Trog.
  5900 | D:8      | Found Duv Ytui's Magic Scroll Boutique.
  5945 | D:8      | Bought a scroll of silence for 75 gold pieces
  5945 | D:8      | Bought a scroll of fear for 35 gold pieces
  5945 | D:8      | Bought a scroll of recharging for 95 gold pieces
  5945 | D:8      | Bought a scroll of identify for 20 gold pieces
  6758 | D:9      | Reached skill level 5 in Fighting
  6799 | D:9      | Reached skill level 10 in Transmutations
  6805 | D:9      | Noticed a queen ant
  6821 | D:9      | Reached **** piety under Okawaru
  6882 | D:9      | Killed a queen ant
  6991 | D:9      | Reached XP level 11. HP: 48/48 MP: 6/15
  7140 | D:9      | Noticed Erica
  7145 | D:9      | Killed Erica
  7145 | D:9      | Reached ***** piety under Okawaru
  7297 | D:9      | You fall through a shaft for 2 floors!
  7305 | D:10     | Entered Level 10 of the Dungeon
  7889 | D:10     | Noticed a flayed ghost
  7898 | D:10     | Killed a flayed ghost
  7898 | D:10     | Reached skill level 11 in Transmutations
  8274 | D:10     | Identified a scroll of acquirement
  8305 | D:11     | Found a staircase to the Lair.
  8338 | D:11     | Reached skill level 10 in Unarmed Combat
  8781 | D:11     | Found an opulent altar of Gozag.
  8898 | D:11     | Found a staircase to the Orcish Mines.
  9042 | Lair:1   | Entered Level 1 of the Lair of Beasts
  9042 | Lair:1   | Noticed a six-headed hydra
  9046 | Lair:1   | Killed a six-headed hydra
  9089 | Lair:1   | Noticed a four-headed hydra
  9097 | Lair:1   | Killed a four-headed hydra
  9097 | Lair:1   | Gained mutation: Your thick and shaggy fur keeps you warm (AC +3, rC+). [Felid growth]
  9097 | Lair:1   | Reached XP level 12. HP: 53/53 MP: 16/16
  9101 | Lair:1   | Learned a level 2 spell: Repel Missiles
  9121 | Lair:1   | Reached skill level 1 in Charms
  9134 | Lair:1   | Noticed Urug
  9139 | Lair:1   | Killed Urug
  9284 | Lair:1   | Noticed a seven-headed hydra
  9291 | Lair:1   | Killed a seven-headed hydra
  9291 | Lair:1   | Reached ****** piety under Okawaru
  9423 | Lair:1   | Noticed a seven-headed hydra
  9431 | Lair:1   | Killed a seven-headed hydra
  9431 | Lair:1   | Reached skill level 12 in Transmutations
  9930 | Lair:1   | Learned a level 5 spell: Blade Hands
 10113 | Lair:2   | Reached skill level 10 in Stealth
 10462 | Lair:2   | Noticed a six-headed hydra
 10513 | Lair:2   | Killed a six-headed hydra
 10513 | Lair:2   | Reached skill level 5 in Invocations
 10982 | Lair:3   | Noticed a six-headed hydra
 10989 | Lair:3   | Killed a six-headed hydra
 11048 | Lair:3   | Reached skill level 10 in Dodging
 11373 | Lair:3   | Mangled by a komodo dragon
 11374 | Lair:3   | Reached XP level 11. HP: -6/60 MP: 9/18
 11675 | Lair:3   | Reached XP level 12. HP: 54/54 MP: 16/20
 11718 | Lair:4   | Noticed Sonja
 11725 | Lair:4   | Killed Sonja
 11993 | Lair:4   | Reached skill level 5 in Spellcasting
 12144 | Lair:4   | Found a hole to the Spider Nest.
 12322 | Lair:4   | Noticed an eight-headed hydra
 12333 | Lair:4   | Killed an eight-headed hydra
 12476 | Lair:4   | Noticed a seven-headed hydra
 12568 | Lair:4   | Killed a seven-headed hydra
 13530 | Lair:6   | Noticed a five-headed hydra
 13542 | Lair:6   | Killed a five-headed hydra
 13542 | Lair:6   | Reached skill level 13 in Transmutations
 13547 | Lair:6   | Reached XP level 13. HP: 52/58 MP: 4/23
 13596 | Lair:6   | Found a staircase to the Slime Pits.
 13739 | Lair:6   | Found a staircase to the Swamp.
 13856 | Lair:6   | Found a labyrinth entrance.
 13887 | Lab      | Entered a labyrinth
 14059 | Lab      | Got a translucent bone ring
 14089 | Lair:6   | Identified the cursed ring of Conversion {rElec AC-2 Dex+4} (You took it off a minotaur in a labyrinth)
 14345 | Lair:6   | Learned a level 3 spell: Regeneration
 14520 | Lair:7   | Found a shimmering altar of Xom.
 14674 | Lair:7   | Reached skill level 1 in Necromancy
 15207 | Lair:8   | Entered Level 8 of the Lair of Beasts
 15438 | Lair:8   | Killed from afar by a catoblepas
 15439 | Lair:8   | Reached XP level 12. HP: -2/55 MP: 13/23
 15787 | Lair:8   | Reached XP level 13. HP: 30/59 MP: 4/24
 16075 | Lair:8   | Reached skill level 5 in Charms
 16120 | Lair:8   | Reached skill level 14 in Transmutations
 17040 | Orc:1    | Entered Level 1 of the Orcish Mines
 17493 | Orc:2    | Found a deep blue altar of Sif Muna.
 17569 | Orc:2    | Identified Sif Muna's Tome of Shape Shifting (You found it on level 2 of the Orcish Mines)
 17619 | Orc:2    | Noticed Erolcha
 17629 | Orc:2    | Killed Erolcha
 17629 | Orc:2    | Reached skill level 1 in Evocations
 18360 | Orc:3    | Found a roughly hewn altar of Beogh.
 18757 | Orc:3    | Noticed Donald
 18785 | Orc:3    | Killed Donald
 18785 | Orc:3    | Reached XP level 14. HP: 63/63 MP: 16/27
 18985 | Orc:3    | Noticed Rupert
 18996 | Orc:3    | Paralysed by Rupert for 4 turns
 19021 | Orc:3    | Killed Rupert
 19092 | Orc:4    | Entered Level 4 of the Orcish Mines
 19092 | Orc:4    | Noticed Saint Roka
 19100 | Orc:3    | HP: 1/63 [Saint Roka/divine providence (13)]
 19234 | Orc:4    | Noticed Azrael
 19280 | Orc:4    | Killed Azrael
 19495 | Orc:4    | Found a radiant altar of Vehumet.
 19516 | Orc:4    | Noticed Nessos
 19683 | Orc:4    | Found a staircase to the Elven Halls.
 19803 | Orc:4    | Killed Nessos
 20084 | Orc:4    | Found Raf Tepp's General Store.
 20084 | Orc:4    | Found Mubuvien's Assorted Antiques.
 20086 | Orc:4    | Found Lam Lerchump's Antique Armour Shop.
 20086 | Orc:4    | Found Zohuq's Weapon Shoppe.
 20099 | Orc:4    | Bought a scroll of teleportation for 99 gold pieces
 20099 | Orc:4    | Bought a puce potion for 29 gold pieces
 20104 | Orc:4    | Bought a scroll of teleportation for 42 gold pieces
 20104 | Orc:4    | Bought a scroll of identify for 28 gold pieces
 20366 | Orc:3    | Killed Saint Roka
 20876 | D:12     | Noticed Josephine
 20889 | D:12     | Killed Josephine
 21671 | D:13     | Reached XP level 15. HP: 53/69 MP: 22/28
 21759 | D:13     | Found a gate to the Vaults.
 21784 | D:13     | Reached skill level 10 in Fighting
 22120 | D:14     | Found Goategosch's Book Shoppe.
 22120 | D:14     | Found an iron altar of Okawaru.
 22926 | D:15     | Entered Level 15 of the Dungeon
 23119 | D:15     | Found a staircase to the Depths.
 23487 | D:15     | Found a sparkling altar of Nemelex Xobeh.
 24120 | Spider:1 | Entered Level 1 of the Spider Nest
 25111 | Spider:2 | Reached XP level 16. HP: 41/75 MP: 29/29
 25744 | Spider:2 | Identified the Papyrus of Changing
 25752 | Spider:2 | Learned a level 6 spell: Statue Form
 25849 | Spider:3 | Noticed Jorgrun
 25859 | Spider:3 | Killed Jorgrun
 25868 | Spider:3 | Reached skill level 1 in Earth Magic
 25874 | Spider:3 | Noticed Kirke
 25881 | Spider:3 | Reached skill level 15 in Unarmed Combat
 25884 | Spider:3 | Killed Kirke
 25916 | Spider:3 | Reached skill level 15 in Stealth
 25919 | Spider:3 | Noticed Arachne
 26166 | Spider:3 | Killed Arachne
 26854 | Spider:4 | Entered Level 4 of the Spider Nest
 26992 | Spider:4 | Noticed Aizul
 27006 | Spider:4 | Noticed Louise
 27013 | Spider:4 | Killed Aizul
 27302 | Spider:4 | Killed Louise
 27785 | Spider:4 | Slain by an emperor scorpion
 27786 | Spider:4 | Reached XP level 15. HP: -5/73 MP: 28/28
 27972 | Spider:4 | Reached XP level 16. HP: 61/77 MP: 24/29
 28071 | Spider:4 | Got a gossamer rune of Zot
 28684 | Swamp:1  | Entered Level 1 of the Swamp
 28725 | Swamp:1  | HP: 3/77 [swamp dragon/blast of poison (16)]
 28907 | Swamp:1  | Reached skill level 5 in Earth Magic
 29071 | Swamp:1  | Noticed a tentacled monstrosity
 29084 | Swamp:1  | Killed a tentacled monstrosity
 29527 | Swamp:1  | Upgraded the game from 0.17-a0-2215-g49c1de0 to 0.17-a0-2220-g6fea741
 29531 | Swamp:2  | Noticed Nikola
 29558 | Swamp:2  | Killed Nikola
 31563 | Swamp:4  | Entered Level 4 of the Swamp
 31705 | Swamp:4  | Slain by an alligator
 31706 | Swamp:4  | Reached XP level 15. HP: 0/88 MP: 17/28
 31727 | Swamp:4  | Reached XP level 16. HP: 54/78 MP: 23/29
 32273 | Swamp:4  | Noticed the 27-headed Lernaean hydra
 32407 | Swamp:4  | Reached skill level 10 in Earth Magic
 32654 | Swamp:4  | Killed the 27-headed Lernaean hydra
 32733 | Swamp:4  | Got a decaying rune of Zot
 33270 | Lair:1   | Learned a level 3 spell: Ozocubu's Armour
 33304 | Lair:1   | Learned a level 4 spell: Condensation Shield
 33434 | Vaults:1 | Entered Level 1 of the Vaults
 33459 | Vaults:1 | Found a sparkling altar of Nemelex Xobeh.
 34104 | Vaults:1 | Reached skill level 5 in Ice Magic
 34643 | Vaults:2 | Reached XP level 17. HP: 82/82 MP: 30/30
 34952 | Vaults:2 | Blown up by an eye of devastation
 34953 | Vaults:2 | Reached XP level 16. HP: -7/101 MP: 20/29
 35449 | Vaults:2 | Noticed Wiglaf
 35453 | Vaults:2 | Killed Wiglaf
 35689 | Vaults:2 | Reached skill level 16 in Unarmed Combat
 35743 | Vaults:2 | Noticed a lich
 35788 | Vaults:2 | Killed a lich
 35788 | Vaults:2 | Reached skill level 15 in Dodging
 35793 | Vaults:2 | Noticed a quicksilver dragon
 35802 | Vaults:2 | Killed a quicksilver dragon
 35909 | Vaults:2 | Noticed a golden dragon
 35938 | Vaults:2 | Killed from afar by a golden dragon

Vault maps used:
D:1:      dpeg_arrival_round_a
D:2:      first_bread, uniq_iyjb, uniq_sigmund, uniq_terence
D:3:      lemuel_round_altar
D:4:      uniq_blork_the_orc, uniq_pikel
D:5:      grunt_temple_overflow_gold_and_silver, kennysheep_mini_moat,
          temple_fountains, minmay_parallelograms
D:6:      old_forge, gammafunk_temple_overflow_pools, serial_shops, shop,
          st_stairs_3, kennysheep_generic_room_12, uniq_eustachio
D:7:      corexii_shack_village, cheibrodos_ashenzari_chains, moated_statue,
          bloody_trog
D:8:      serial_shops, shop
D:9:      lemuel_upstairs_altar, hangedman_fish_farm, minivault_29, uniq_erica
D:10:     kennysheep_just_a_vault
D:11:     lair_0_dummy, orc_0_dummy, serial_park_tiny_1, grunt_gozag_breadcrumbs
D:12:     uniq_josephine
D:13:     grunt_vaults_entry_tiered
D:14:     serial_undead, serial_undead_c, serial_undead_a, serial_undead_d,
          serial_undead_d, okawaru_ov_weapons_minmay, serial_shops,
          shop_fountains, nrook_guardian_serpent_double
D:15:     grunt_enter_depths_magical_seal, nemelex_xobeh_ov_fountains_minmay,
          minmay_variable_closet, minmay_liquid_box
Temple:   water_room_temple_b_12
Lair:1:   serial_bayou_pond_b, minivault_26, uniq_urug
Lair:2:   beast_lair_carwin_1, lemuel_fruit_tree, grunt_megastairs_2,
          lemuel_fruit_fields
Lair:3:   lemuel_fruit_fields, infiniplex_staircase_pool_2
Lair:4:   spider_nest_entry_funnel_web, serial_bayou, serial_bayou_crossing,
          serial_bayou_pond_a, serial_bayou_lagoon_b, serial_bayou_pond_c,
          serial_bayou_lake_a, uniq_sonja
Lair:6:   minmay_swamp_entry_eels, slime_dummy, lab_entry_generic,
          grunt_megastairs_4
Lair:7:   lemuel_centaur_altar
Lair:8:   evilmike_catoblepas_cave, hibernation_bobbens
Swamp:1:  evilmike_swamp_ruin_house_2
Swamp:2:  evilmike_swamp_ruin_rubble_2, swamp_pool1, uniq_nikola
Swamp:3:  evilmike_swamp_ruin_rubble_1, swamp_pool1
Swamp:4:  swamp_old_school
Spider:1: nicolae_spider_nook
Spider:2: nicolae_spider_hall_of_the_moth_king,
          hangedman_spider_tarantella_strand
Spider:3: uniq_kirke, uniq_jorgrun, uniq_arachne
Spider:4: grunt_spider_rune_parallel, uniq_aizul, uniq_louise
Orc:1:    nicolae_orc_rockfall
Orc:2:    led_sif_book, uniq_erolcha
Orc:3:    basic_altar, nicolae_orc_pool_cavern, uniq_donald, uniq_rupert
Orc:4:    grunt_orc_tribal_feast, basic_altar, uniq_saint_roka, uniq_azrael,
          uniq_nessos
Vaults:1: hangedman_vaults_nails, nicolae_vaults_three_branches, v_rooms_1,
          vaults_room_large_hall, hangedman_vaults_slice,
          ontoclasm_vaults_fault, hangedman_vaults_restitches,
          vaults_room_semicircle, vaults_room_corners,
          nicolae_vaults_little_squares_1, basic_altar
Vaults:2: v_misc_11, st_greater_box_2, v_pattern_5, v_rooms_5,
          nicolae_vaults_shelves_hall, vaults_dpeg_encased_lava, uniq_wiglaf
Lab:      labyrinth_mini_lab, labyrinth_lava_lair, nicolae_lab_statue

Action                   |  1- 3 |  4- 6 |  7- 9 | 10-12 | 13-15 | 16-18 || total
-------------------------+-------+-------+-------+-------+-------+-------++-------
Melee: Unarmed           |    77 |    89 |   359 |   882 |  1544 |  1496 ||  4447
 Cast: Sticks to Snakes  |     8 |     2 |     3 |       |     2 |     1 ||    16
       Beastly Appendage |     5 |     1 |     3 |     2 |     4 |       ||    15
       Spider Form       |       |    10 |    23 |    22 |       |     5 ||    60
       Ice Form          |       |       |     3 |    25 |     4 |    27 ||    59
       Blade Hands       |       |       |       |    18 |    91 |    56 ||   165
       Regeneration      |       |       |       |     2 |    38 |    52 ||    92
       Repel Missiles    |       |       |       |     1 |     4 |     2 ||     7
       Statue Form       |       |       |       |       |       |    30 ||    30
       Ozocubu's Armour  |       |       |       |       |       |     3 ||     3
       Condensation Shie |       |       |       |       |       |     3 ||     3
Invok: Heroism           |       |       |     6 |    22 |    39 |    34 ||   101
       Finesse           |       |       |       |     9 |    29 |    18 ||    56
 Abil: End Transformatio |       |       |       |     2 |     3 |     3 ||     8
Evoke: Wand              |       |       |       |       |       |     1 ||     1
  Use: Potion            |     2 |     1 |       |     2 |     3 |     4 ||    12
       Scroll            |     1 |       |     7 |    18 |    12 |    17 ||    55
 Stab: Sleeping          |     8 |     2 |    32 |    95 |    64 |    35 ||   236
       Distracted        |     2 |       |       |     3 |    12 |    12 ||    29
       Held in net/web   |       |       |     2 |       |       |       ||     2
       Petrified         |       |       |       |       |     1 |       ||     1
  Eat: Chunk             |     9 |     4 |    13 |    44 |    73 |    88 ||   231
       Royal jelly       |       |       |       |       |       |     2 ||     2
       Pizza             |       |       |       |       |       |     1 ||     1
